 Dungeon Crawl Stone Soup version 0.22-a0-271-gc000056 (webtiles) character file.

72 tidbits the Insei (level 4, 15/34 HPs)
             Began as a Gnoll Transmuter on Mar 11, 2018.
             Quit the game on level 4 of the Dungeon.
             The game lasted 00:03:05 (283 turns).

tidbits the Insei (Gnoll Transmuter)                 Turns: 283, Time: 00:03:05

Health: 15/34      AC:  2    Str: 12    XL:     4   Next: 25%
Magic:  1/11       EV: 24    Int: 16    God:
Gold:   22         SH:  0    Dex: 21    Spells: 7/13 levels left

rFire    . . .     SeeInvis +     - Unarmed
rCold    . . .     Gourm    .   (shield currently unavailable)
rNeg     . . .     Faith    .   (armour currently unavailable)
rPois    x         Spirit   .   (helmet currently unavailable)
rElec    .         Reflect  .   (cloak currently unavailable)
rCorr    .         Harm     .   (gloves currently unavailable)
MR       .....     Rnd*Tele +   (boots currently unavailable)
Stlth    ++........             (no amulet)
HPRegen  0.11/turn              h - ring of teleportation (curse)
MPRegen  0.12/turn              i - ring of see invisible

@: spider-form
A: tiny, distributed training, strong nose
a: End Transformation


You were on level 4 of the Dungeon.
You were not hungry.
You were a venomous arachnid creature.
You visited 1 branch of the dungeon, and saw 4 of its levels.

You collected 22 gold pieces.

Inventory:

Missiles
 a - 12 arrows
Armour
 b - a +0 robe
 c - a +0 robe of cold resistance
   (You found it on level 2 of the Dungeon)
 f - a +0 pair of gloves
 B - a +2 robe of fire resistance (melded)
   (You found it on level 2 of the Dungeon)
Jewellery
 e - an uncursed ring of flight
   (You found it on level 2 of the Dungeon)
 h - a cursed ring of teleportation (left front leg)
   (You found it on level 3 of the Dungeon)
 i - a ring of see invisible (right front leg)
   (You found it on level 3 of the Dungeon)
Scrolls
 j - a scroll of teleportation {unknown}
 k - a scroll of fog {unknown}
 l - a scroll of enchant armour
Potions
 g - a potion of mutation {unknown}
Comestibles
 d - 3 rations


   Skills:
 + Level 2.7 Fighting
 + Level 1.0 Short Blades
 + Level 1.0 Long Blades
 + Level 1.0 Axes
 + Level 1.0 Maces & Flails
 + Level 1.0 Polearms
 + Level 1.0 Staves
 + Level 1.0 Slings
 + Level 1.0 Bows
 + Level 1.0 Crossbows
 + Level 1.0 Throwing
 + Level 1.0 Armour
 + Level 4.6 Dodging
 + Level 1.0 Stealth
 + Level 1.0 Shields
 + Level 6.6 Unarmed Combat
 + Level 5.0 Spellcasting
 + Level 0.8 Conjurations
 + Level 0.8 Hexes
 + Level 0.8 Charms
 + Level 0.8 Summonings
 + Level 0.8 Necromancy
 + Level 0.8 Translocations
 + Level 3.8 Transmutations
 + Level 0.8 Fire Magic
 + Level 0.8 Ice Magic
 + Level 0.8 Air Magic
 + Level 0.8 Earth Magic
 + Level 0.8 Poison Magic
 + Level 1.1 Invocations
 + Level 1.0 Evocations


You had 7 spell levels left.
You knew the following spells:

 Your Spells              Type           Power        Failure   Level  Hunger
e - Beastly Appendage     Tmut           ###...       11%         1    None
k - Sticks to Snakes      Tmut           ###.....     14%         2    #......
p - Spider Form           Tmut/Pois      ##........   36%         3    ###....


Dungeon Overview and Level Annotations

Branches:
Dungeon (4/15)
 Temple: D:4-7

Altars:

Annotations:
D:3 Robin


Innate Abilities, Weirdness & Mutations

Your experience applies equally to all skills.
((You have very sharp teeth.))
Your uncanny sense of smell can sniff out nearby items.


Message History

Found 16 stones.
An adder comes into view.
Casting: Spider Form (safe; 19% risk of failure)
Confirm with . or Enter, or press ? or * to list all spells.
You don't know that spell.
Casting: Spider Form (safe; 19% risk of failure)
Confirm with . or Enter, or press ? or * to list all spells.
You turn into a venomous arachnid creature.
Your +2 robe of fire resistance melds into your body.
You feel less resistant to fire.
Your transformation is almost over.
The adder hisses angrily.
Found a scroll labeled KOODISS DACW and a scroll labeled DUQ ANENOEKH.
You bite the adder!
The adder looks as sick as possible!
The adder is almost dead.
You kill the adder!
An adder comes into view.
You see here 16 stones.
You see here a scroll labeled KOODISS DACW.
j - a scroll labeled KOODISS DACW Your transformation has ended.
Your +2 robe of fire resistance unmelds from your body.
You feel resistant to fire.
The adder hisses angrily.
Found a scroll of enchant armour, a sedimented cyan potion and 7 gold pieces.
Unknown command.
Casting: Spider Form (safe; 19% risk of failure)
Confirm with . or Enter, or press ? or * to list all spells.
You don't know that spell.
Casting: Spider Form (safe; 19% risk of failure)
Confirm with . or Enter, or press ? or * to list all spells.
You grow a pair of large bovine horns.
You barely miss the adder. The adder bites you but does no damage.
You miss the adder. You headbutt the adder!
The adder is almost dead.
The adder misses you. The adder closely misses you.
You punch the adder!
You kill the adder!
Your Invocations skill increases to level 1!
Your transformation is almost over.
You see here a scroll labeled DUQ ANENOEKH.
k - a scroll labeled DUQ ANENOEKH
Found a ration.
An orc wizard comes into view. It is wielding a dagger.
Your horns disappear.
You see here a scroll of enchant armour.
Okay, then.
l - a scroll of enchant armour The orc wizard gestures at you while chanting.
The puff of flame hits you! You resist.
Casting: Beastly Appendage (safe; 3% risk of failure)
Confirm with . or Enter, or press ? or * to list all spells.
You turn into a venomous arachnid creature.
Your +2 robe of fire resistance melds into your body.
You feel less resistant to fire.
The orc wizard points at you and mumbles some strange words.
You resist with significant effort.
The orc wizard points at you and mumbles some strange words.
The puff of flame hits you! The orc wizard misses you.
You barely miss the orc wizard. The orc wizard hits you with a dagger.
* * * LOW HITPOINT WARNING * * *
You hit the orc wizard but do no damage.
The orc wizard is poisoned.
The orc wizard closely misses you.
You hit the orc wizard.
The orc wizard looks as sick as possible!
The orc wizard is heavily wounded.
The orc wizard barely misses you.
You closely miss the orc wizard.
The orc wizard is heavily wounded.
The orc wizard barely misses you.
You hit the orc wizard.
The orc wizard is severely wounded.
The orc wizard misses you.
You hit the orc wizard.
The orc wizard is almost dead.
You kill the orc wizard!
Your Short Blades skill increases to level 1!
Your Long Blades skill increases to level 1!
Your Axes skill increases to level 1!
Your Maces & Flails skill increases to level 1!
Your Polearms skill increases to level 1!
Your Staves skill increases to level 1!
Your Slings skill increases to level 1!
Your Bows skill increases to level 1!
Your Crossbows skill increases to level 1!
Your Throwing skill increases to level 1!
Your Armour skill increases to level 1!
Your Stealth skill increases to level 1!
Your Shields skill increases to level 1!
Your Evocations skill increases to level 1!
You have reached level 4!
You feel agile.
A jackal and an orc wizard come into view.
The jackal barks!
The jackal moves out of view.
A jackal comes into view.
Things that are here:
a dagger; a glowing robe Unknown command.
Are you sure you want to abandon this character and quit the game? (Confirm with "yes".)

# #............
#.##............
#............... #
####..h......... #.
#............
#.####+##............
#%.............######
#..............#
#...s....#...###
#........#...#
#........#...#
#........#...#
.....$!...#####
...........#
............#
o...........#


You could see an orc wizard (sleeping) and a jackal (wandering).

Vanquished Creatures
  An orc wizard (D:4)
  3 adders
  2 bats
  4 goblins (D:2)
  4 hobgoblins
  4 jackals (D:2)
  A kobold (D:2)
  A rat (D:3)
20 creatures vanquished.

Notes
Turn   | Place    | Note
-------+----------+-------------------------------------------
     0 | D:1      | tidbits the Gnoll Transmuter began the quest for the Orb.
     0 | D:1      | Reached XP level 1. HP: 17/17 MP: 6/6
    43 | D:2      | Reached XP level 2. HP: 17/23 MP: 5/7
   110 | D:2      | Learned a level 2 spell: Sticks to Snakes
   119 | D:3      | Noticed Robin
   133 | D:2      | Reached XP level 3. HP: 13/28 MP: 7/9
   138 | D:2      | Learned a level 3 spell: Spider Form
   206 | D:3      | Reached skill level 5 in Spellcasting
   257 | D:4      | Reached skill level 1 in Invocations
   281 | D:4      | Reached skill level 1 in Short Blades
   281 | D:4      | Reached skill level 1 in Long Blades
   281 | D:4      | Reached skill level 1 in Axes
   281 | D:4      | Reached skill level 1 in Maces & Flails
   281 | D:4      | Reached skill level 1 in Polearms
   281 | D:4      | Reached skill level 1 in Staves
   281 | D:4      | Reached skill level 1 in Slings
   281 | D:4      | Reached skill level 1 in Bows
   281 | D:4      | Reached skill level 1 in Crossbows
   281 | D:4      | Reached skill level 1 in Throwing
   281 | D:4      | Reached skill level 1 in Armour
   281 | D:4      | Reached skill level 1 in Stealth
   281 | D:4      | Reached skill level 1 in Shields
   281 | D:4      | Reached skill level 1 in Evocations
   281 | D:4      | Reached XP level 4. HP: 14/34 MP: 1/11
   283 | D:4      | Quit the game

Vault maps used:
D:1:      ldierk_water_garden, minmay_crystal_room
D:2:      gammafunk_temple_overflow_statue, first_ration
D:3:      tso_altar, lemuel_doored_altar, uniq_robin, uniq_natasha
D:4:      lemuel_castle_with_subvaults, minmay_strange_pillars, uniq_ijyb

Skill      XL: |  1  2  3 |
---------------+----------+-----
Spellcasting   | 5 |  5.0
Invocations    | 1 |  1.1
Short Blades   | 1 |  1.0
Long Blades    | 1 |  1.0
Axes           | 1 |  1.0
Maces & Flails | 1 |  1.0
Polearms       | 1 |  1.0
Staves         | 1 |  1.0
Slings         | 1 |  1.0
Bows           | 1 |  1.0
Crossbows      | 1 |  1.0
Throwing       | 1 |  1.0
Armour         | 1 |  1.0
Stealth        | 1 |  1.0
Shields        | 1 |  1.0
Evocations     | 1 |  1.0
Fighting       | |  2.7
Dodging        | |  4.6
Unarmed Combat | |  6.6
Conjurations   | |  0.8
Hexes          | |  0.8
Charms         | |  0.8
Summonings     | |  0.8
Necromancy     | |  0.8
Translocations | |  0.8
Transmutations | |  3.8
Fire Magic     | |  0.8
Ice Magic      | |  0.8
Air Magic      | |  0.8
Earth Magic    | |  0.8
Poison Magic   | |  0.8

Action                   |  1- 3 |  4- 6 || total
-------------------------+-------+-------++-------
Melee: Unarmed           |    47 |       ||    47
       Bite              |     2 |       ||     2
       Kick              |     5 |       ||     5
       Headbutt          |     1 |       ||     1
 Cast: Beastly Appendage |     6 |       ||     6
       Spider Form       |     5 |       ||     5
  Use: Scroll            |     1 |       ||     1
Armor: Robe              |     8 |       ||     8
       Skin              |     1 |       ||     1
Dodge: Dodged            |    27 |       ||    27

Table legend:
 A = Spawn XP
 B = Non-spawn XP
 C = Spawn XP percentage of total XP
 D = Spawn monster count
 E = Non-spawn monster count
 F = Spawn count percentage of total count
 G = Total turns spent on level
                    A         B        C        D         E        F      G
               +---------+---------+-------+---------+---------+-------+---------
         Total |       0 |     103 |   0.0 |       0 |      20 |   0.0 |   283
               +---------+---------+-------+---------+---------+-------+---------
           D:1 |       0 |       2 |   0.0 |       0 |       1 |   0.0 |    28
           D:2 |       0 |      32 |   0.0 |       0 |      11 |   0.0 |   137
           D:3 |       0 |       8 |   0.0 |       0 |       5 |   0.0 |    72
           D:4 |       0 |      61 |   0.0 |       0 |       3 |   0.0 |    46
               +---------+---------+-------+---------+---------+-------+---------

Table legend:
 A = Turns spent in this place as a percentage of turns spent in the entire game.
 B = Non-inter-level travel turns spent in this place as a percentage of non-inter-level travel turns spent in the entire game.
 C = Inter-level travel turns spent in this place as a percentage of turns spent in this place.
 D = Turns resting spent in this place as a percentage of non-inter-level travel turns spent in this place.
 E = Turns spent auto-exploring this place as a percentage of non-inter-level travel turns spent in this place.
 F = Non-inter-level travel turns spent in this place divided by the number of levels of this place that you've seen.
                   A       B       C       D       E      F
               +-------+-------+-------+-------+-------+----------------------
         Total | 100.0 | 100.0 |   0.0 |   0.0 |   0.0 |  70.8
       Dungeon | 100.0 | 100.0 |   0.0 |   0.0 |   0.0 |  70.8
               +-------+-------+-------+-------+-------+----------------------

Table legend:
 A = Kills in this place as a percentage of kills in entire the game.
 B = Kills by you in this place as a percentage of kills by you in the entire game.
 C = Kills by friends in this place as a percentage of kills by friends in the entire game.
 D = Other kills in this place as a percentage of other kills in the entire game.
 E = Experience gained in this place as a percentage of experience gained in the entire game.
 F = Experience gained in this place divided by the number of levels of this place that you have seen.
                   A       B       C       D       E      F
               +-------+-------+-------+-------+-------+----------------------
         Total | 100.0 | 100.0 |   N/A |   N/A | 100.0 |  25.8
       Dungeon | 100.0 | 100.0 |   N/A |   N/A | 100.0 |  25.8
               +-------+-------+-------+-------+-------+----------------------

Vault maps used:
D:1:      ldierk_water_garden, minmay_crystal_room
D:2:      gammafunk_temple_overflow_statue, first_ration
D:3:      tso_altar, lemuel_doored_altar, uniq_robin, uniq_natasha
D:4:      lemuel_castle_with_subvaults, minmay_strange_pillars, uniq_ijyb
